 Dungeon Crawl Stone Soup version bcrawl-1.39.1 (webtiles) character file.

Game seed: 1543722895712137232

11944405 Grijm the Spellbinder (level 27, 227/227 HPs)
             Began as a Purple Draconian Gladiator on Sept 17, 2023.
             Was a High Priest of Jiyva.
             Escaped with the Orb
             ... and 3 runes on Sept 18, 2023!
             The game lasted 06:24:45 (82171 turns).

Grijm the Spellbinder (Purple Draconian Gladiator) Turns: 82171, Time: 06:24:46

Health: 227/227    AC: 27    Str: 18    XL:     27
Magic:  46/47      EV: 22    Int: 26    God:    Jiyva [*****.]
Gold:   6159       SH:  8    Dex: 16    Spells: 24/66 levels left

rFire    + . .     GDR:     28% a - +10 Vampire's Tooth {vamp}
rCold    + + +     SeeInvis +   W - +1 buckler of the Accordion {rN+ rCorr Str+4 Int+3}
rNeg     + . .     Gourm    .   (armour unavailable)
rPois    +         Faith    .   C - +2 hat {SInv}
rElec    +         Spirit   .   O - +1 cloak of Starlight {rElec rC+ EV+4 Stlth--}
rCorr    +         Reflect  .   s - +2 pair of gloves
MR       +++++                  P - +2 pair of boots {Stlth++}
Stlth    ++........             t - amulet of Hihag {Regen rC+ Str+2 Slay+3}
HPRegen  1.85/turn              V - ring of poison resistance
MPRegen  0.30/turn              w - ring of protection from fire

@: no status effects
A: breathe power, unfitting armour, horns 1, cold resistance 1, deterioration 1,
magic resistance 1, electricity resistance, evolution 1, tendrils, jelly sensing
items, cold-blooded, MP-powered wands, AC +13
0: Orb of Zot
}: 3/15 runes: serpentine, slimy, gossamer
a: Breathe Dispelling Energy, Request Jelly, Evolve, Slimify, Cure Bad Mutation,
Renounce Religion


You escaped.
You worshipped Jiyva.
Jiyva was extremely pleased with you.
You were very full.

You visited 12 branches of the dungeon, and saw 48 of its levels.
You also visited: Volcano.

You collected 6229 gold pieces.
You spent 70 gold pieces at shops.

Inventory:

Hand Weapons
 a - the +10 Vampire's Tooth (weapon) {vamp}
   (You found it on level 1 of the Crypt)

   It inflicts no extra harm, but heals its wielder when it wounds a living foe.
Missiles
 c - 17 throwing nets {=f}
 Y - 525 poisoned tomahawks (quivered)
Armour
 s - a +2 pair of gloves (worn)
 C - a +2 hat of see invisible (worn)
 O - the +1 cloak of Starlight (worn) {rElec rC+ EV+4 Stlth--}
   (You found it on level 11 of the Dungeon)

   It affects your evasion (+4).
   It protects you from cold.
   It insulates you from electricity.
   It makes you much less stealthy.
 P - a +2 pair of boots of stealth (worn)
 W - the +1 buckler of the Accordion (worn) {rN+ rCorr Str+4 Int+3}
   (You found it on level 5 of the Lair of Beasts)

   It affects your strength (+4).
   It affects your intelligence (+3).
   It protects you from negative energy.
   It provides partial protection from all sources of acid and corrosion.
Jewellery
 t - the amulet of Hihag (around neck) {Regen rC+ Str+2 Slay+3}
   (You took it off an ogre mage on level 2 of the Vaults)

   [amulet of regeneration]

   It affects your strength (+2).
   It affects your accuracy and damage with ranged weapons and melee attacks
   (+3).
   It protects you from cold.
 w - a ring of protection from fire (right hand)
 U - an uncursed ring of stealth
 V - a ring of poison resistance (left hand)
Wands
 f - a wand of paralysis (11)
 i - a wand of iceblast (28)
 v - a wand of scattershot (8)
 J - a wand of charming (7)
 L - a wand of digging (34)
 Q - a wand of clouds (4)
 T - a wand of acid (2)
Scrolls
 d - 4 scrolls of blinking
 g - a scroll of silence
 k - 3 scrolls of fog
 l - 7 scrolls of fear
 y - 14 scrolls of teleportation
 D - 3 scrolls of summoning
 G - a scroll of revelation
 H - 5 scrolls of amnesia
 K - 6 scrolls of immolation
 M - a scroll of vulnerability
 S - 6 scrolls of noise
Potions
 h - 8 potions of curing
 j - 6 potions of ambrosia
 m - 5 potions of flight
 o - 6 potions of haste
 r - a potion of resistance
 u - 4 potions of magic
 x - 5 potions of lignification
 z - 7 potions of might
 A - 5 potions of mutation
 B - 2 potions of invisibility
 E - 3 potions of brilliance
 F - 6 potions of heal wounds
 I - 9 potions of agility
 N - 4 potions of cancellation
 R - 4 potions of berserk rage
Miscellaneous
 b - a phial of floods
 n - 2 boxes of beasts
 p - a lamp of fire
 q - a lightning rod (4/4)
 X - 2 phantom mirrors
 Z - a fan of gales (1/2)
Comestibles
 e - 36 rations {!d}


   Skills:
 - Level 15.0 Fighting
 - Level 10.0 Short Blades
 - Level 1.7 Throwing
 - Level 10.0 Dodging
 - Level 10.0 Stealth
 - Level 8.0 Shields
 - Level 20.0 Spellcasting
 - Level 20.0 Conjurations
 O Level 27 Hexes
 - Level 6.0 Air Magic
 - Level 4.0 Poison Magic
 - Level 10.0 Invocations
 + Level 20.4 Evocations


You had 24 spell levels left.
You knew the following spells:

 Your Spells              Type           Power        Failure   Level  Hunger
a - Shackle               Hex            ########     0%          2    None
b - Confuse               Hex            ########     0%          3    None
c - Mana Rupture          Conj/Hex       #######...   1%          7    #......
d - Yara's Violent Unrav  Hex/Tmut       #######...   1%          4    None
e - Cause Fear            Hex            ########..   0%          4    None
f - Fulminant Prism       Conj/Hex       #######...   0%          4    None
g - Mephitic Cloud        Conj/Pois/Air  ######..     1%          3    None
h - False Image           Hex/Summ       #######.     1%          3    None
x - Irradiate             Conj/Tmut      ######....   1%          5    None
z - Discord               Hex            ########..   1%          7    #......

Your spell library contained the following spells:

 Spells                   Type           Power        Failure   Level  Hunger
 Corona                   Hex            #######      0%          1    None
 Magic Dart               Conj           ####         0%          1    None
 Slow                     Hex            ########     0%          1    None
 Ensorcelled Hibernation  Hex/Ice        ######       0%          2    None
 Searing Ray              Conj           #######.     0%          2    None
 Dazzling Orbs            Conj/Hex       #######      0%          3    None
 Iskenderun's Mystic Bla  Conj           #######.     0%          3    None
 Tukima's Dance           Hex            ########     0%          3    None
 Flame Tongue             Conj/Fire      #####        1%          1    None
 Static Discharge         Air            ######       1%          1    None
 Poisonous Vapours        Pois/Air       ######       1%          2    None
 Shock                    Conj/Air       #######      1%          2    None
 Swiftness                Chrm/Air       #####...     1%          2    None
 Conjure Flame            Conj/Fire      ######..     1%          3    None
 Inner Flame              Hex/Fire       N/A          1%          3    None
 Lightning Bolt           Conj/Air       #######.     1%          4    None
 Sticky Flame             Conj/Fire      ######..     1%          4    None
 Tree Form                Hex/Tmut       N/A          1%          4    None
 Fireball                 Conj/Fire      ######....   1%          5    None
 Metabolic Englaciation   Hex/Ice        #######...   1%          5    None
 Venom Bolt               Conj/Pois      ######....   1%          5    None
 Conjure Ball Lightning   Conj/Air       #######...   1%          6    None
 Apportation              Tloc           ####..       2%          1    None
 Beastly Appendage        Tmut           ####..       2%          1    None
 Blink Other              Tloc           ####..       2%          1    None
 Summon Small Mammal      Summ           ####         2%          1    None
 Spider Form              Tmut/Pois      ###          3%          3    None
 Call Imp                 Summ           ####..       4%          2    None
 Flaming Arrows           Chrm/Fire      ####....     4%          2    None
 Passwall                 Tmut/Erth      ####....     4%          2    None
 Song of Slaying          Chrm           ####....     4%          2    None
 Sticks to Snakes         Tmut           ####....     4%          2    None
 Ignite Poison            Fire/Tmut/Pois ####....     4%          3    None
 Infestation              Hex/Tmut/Pois  ######...    6%          6    None
 Call Canine Familiar     Summ           ####....     9%          3    None
 Portal Projectile        Tloc           ####..       9%          3    None
 Recall                   Summ/Tloc      N/A          9%          3    None
 Freezing Cloud           Ice/Air        #####...     22%         5    None
 Summon Lightning Spire   Summ/Air       #####...     22%         5    None
 Force Lance              Tloc           ####....     26%         4    None
 Ice Form                 Ice/Tmut       ####....     26%         4    None
 Summon Ice Beast         Ice/Summ       ####....     26%         4    None
 Icicle Burst             Conj/Ice       ######....   36%         7    #......
 Blade Hands              Tmut           ####......   58%         5    None
 Piercing Shot            Chrm           ####......   58%         5    None
 Steam Barrier            Chrm/Fire      ####......   58%         5    None
 Chain Lightning          Conj/Air       #######...   65%         8    ####...
 Borgnjor's Vile Clutch   Necr/Erth      ####......   99%         6    None
 Statue Form              Tmut/Erth      ####.....    99%         6    None
 Dragon Form              Tmut           ####...      100%        7    #......
 Ignition                 Fire           ####......   100%        8    ####...
 Necromutation            Tmut/Necr      ####....     100%        8    ####...
 Time Stop                Chrm/Tloc      N/A          100%        8    ####...
 Tornado                  Tloc/Air       #####.....   100%        8    ####...
 Shatter                  Erth           ####......   100%        9    #####..


Dungeon Overview and Level Annotations

Branches:
Dungeon (12/12)            Temple (1/1) D:6            Lair (6/6) D:9
  Snake (3/3) Lair:4       Spider (3/3) Lair:3        Slime (5/5) Orc
    Orc (1/1) D:11         Vaults (2/3) D:12         Forest (3/3) Lair:6
  Crypt (2/2) Vaults:1       Tomb (0/3) Crypt:2      Depths (5/5) D:12
    Zot (5/5) Depths:5

Altars:
Ashenzari
Cheibriados
Dithmenos
Elyvilon
Fedhas
Gozag
Hepliaklqana
Kikubaaqudgha
Lugonu
Makhleb
Nemelex Xobeh
Okawaru
Qazlal
Ru
Sif Muna
Trog
Uskayaw
Vehumet
Wu Jian
Xom
Yredelemnul
Zin
The Shining One
Jiyva

Shops:
D:11 *   Orc *[:(   Snake:2 %   Vaults:1 [   Depths:3 (

Portals:
Hell: Depths:1 Depths:2 Depths:3 Depths:4 Depths:5
Abyss: Depths:1 Depths:2 Depths:3 Depths:4
Pandemonium: Depths:2 Depths:3
Ziggurat: Depths:2
Trove: Depths:3 (give 4 potions of haste)

Annotations:
D:5 2 runed translucent doors, yrara's ghost, novice DsFi
Lair:2 1 runed translucent door, Burana's ghost, journeyman DsAc
Snake:2 3 runed translucent doors, Akuuror's ghost, adept GrFi
Slime:5 Royal Jelly
Depths:1 3 runed doors
Depths:3 1 runed door


Innate Abilities, Weirdness & Mutations

You can breathe bolts of dispelling energy.
Your rich purple scales are hard. (AC +13)
You cannot fit into any form of body armour.
You are cold-blooded and may be slowed by cold attacks.
You have a pair of small horns on your head.
Your flesh is cold resistant. (rC+)
Your body sometimes deteriorates upon taking damage.
You are resistant to hostile enchantments. (MR+)
You are resistant to electric shocks. (rElec)
You evolve.
You are covered in slimy tendrils that may disarm your opponents.
You have a small jelly attached to you that senses nearby items.
You expend magic power (3 MP) to strengthen your wands.


Message History

You kill the Orb Guardian!
Jiyva accepts your kill. The smoke demon gestures at you.
The ball of steam hits you but does no damage.
The smoke demon gestures at you. Something smites you!
There is a stone staircase leading up here.
You climb upwards.
There is a stone staircase leading down here.
(D) Dungeon (T) Temple (L) Lair (P) Snake Pit (N) Spider Nest (M) Slime Pits (O) Orcish Mines (V) Vaults (F) Spriggan Forest (C) Crypt (W) Tomb (U) Depths (H) Hell (Z) Zot
Where to? (Enter - D:1 @ (x,y), ? - help)
What level of the Dungeon? (default 1, ? - help) HP restored.
There is an open door here.
There is a staircase leading out of the dungeon here.
The power of the Orb breaks the dimensional shunt like a soap bubble!
You have escaped!

....#.##....#.# ....#.##..#.#.#
#.###.....[...# ..#
####.######### ### #.## #.# ###
##.### #.# ###.# ######
##..####'####..## #..... ####
###..'...'..### #.#### ...######
####.@.#### ####.####
.#......####..'...'..####.......#
)...######..####'####..#####.##.#
#.### ##.### #.# ###.## #.##.#
#.# #.#######.#######.# #.....
#.## ###.##.#..##..# #.# ####.#
...# #.##.#......###.# #.# ...#
###.......##..)...# #.# ...#
#............###### #.#


There were no monsters in sight!

Vanquished Creatures
  9 orbs of fire
  Mennas (Vaults:2)
  3 ancient liches
  Sojobo (D:12)
  3 Killer Klowns
  the Enchantress (Forest:3)
  Bai Suzhen (Depths:2)
  4 golden dragons
  Arachne (Spider:2)
  3 caustic shrikes
  Gastronok (Orc)
  2 curse toes
  3 rockslimes
  Jory (Crypt:2)
  An Orb Demon (Zot:5)
  4 electric golems
  Zenata (Vaults:2)
  A Brimstone Fiend (Depths:1)
  11 tentacled monstrosities
  3 Ice Fiends
  A lich (Depths:5)
  22 Orb Guardians
  5 wendigos
  7 quicksilver dragons
  An Executioner (D:11)
  3 ancient champions
  8 death cobs
  3 sphinxes
  5 tengu reavers
  7 storm dragons
  Kirke (D:11)
  3 shadow dragons
  6 ghouls
  4 draconian monks
  3 thorn hunters (Forest:3)
  3 greenwood witches (Forest:3)
  5 nagarajas
  2 revenants (Crypt:1)
  12 fire giants
  5 frost giants
  An iron dragon (Depths:4)
  2 balrugs (Depths:1)
  6 ghost moths
  A deep elf sorcerer (Depths:1)
  3 vault wardens (Vaults:2)
  Aizul (Snake:1)
  A draconian shifter (Zot:2)
  2 orc warlords
  5 emperor scorpions
  2 draconian scorchers (Zot:4)
  A curse skull (Crypt:1)
  5 spectral caustic shrikes
  12 stone giants
  3 ironheart preservers (Vaults:2)
  A caustic shrike skeleton (Crypt:1)
  7 jiangshi
  6 spriggan defenders
  5 very ugly things
  2 green draconians
  17 vampire knights
  6 dire elephants
  4 white draconians
  A black draconian (Zot:5)
  An entropy weaver (Spider:2)
  A deep elf annihilator (Depths:2)
  6 spark wasps
  5 yellow draconians
  2 purple draconians
  2 red draconians
  5 eidola
  A blizzard demon (Depths:1)
  3 deep elf death magi
  A crystal guardian (Vaults:2)
  Azrael (Spider:2)
  8 ettins
  2 merfolk javelineers
  Josephine (Snake:1)
  A merfolk impaler (Depths:2)
  8 fire dragons
  A quicksilver dragon zombie (Crypt:2)
  Urug (D:12)
  4 yaktaur captains
  Harold (D:9)
  4 vault guards
  7 naga warriors
  5 hydras
  3 ice dragons
  A rakshasa (Snake:2)
  3 ogre magi
  A shadow wraith (Vaults:2)
  A merfolk avatar (Lair:6)
  6 shambling mangroves
  9 spriggan air magi
  6 satyrs
  12 two-headed ogres
  3 death knights
  A dancing weapon (Crypt:2)
  8 death yaks
  7 anacondas
  A queen ant (Lair:3)
  5 orc high priests (Orc)
  A titan zombie (Crypt:2)
  An ironheart beastmaster (Vaults:2)
  6 shock serpents
  9 vampire magi
  2 naga sharpshooters (Snake:2)
  6 spriggan berserkers
  7 sun demons
  A deep elf knight (Vaults:1)
  A centaur warrior (Vaults:2)
  7 deep trolls
  2 salamander mystics (Snake:2)
  2 soul eaters (Depths:2)
  2 fire crabs (shapeshifter) (Vaults:2)
  A shadow demon (D:11)
  25 skeletal warriors
  An infernal demonspawn (Depths:1)
  A deep elf archer (Vaults:2)
  A flayed ghost (Depths:3)
  3 spriggan druids (Forest:3)
  An orange crystal statue (Spider:3)
  16 phantasmal warriors
  A shadow dragon zombie (Crypt:2)
  2 naga ritualists
  2 necromancers
  4 anaconda skeletons (Lair:4)
  A tengu conjurer (Vaults:1)
  A lindwurm (Lair:6)
  5 wizards
  10 ugly things
  3 orc knights (Orc)
  8 cyclopes
  A harpy (Lair:6)
  19 wolf spiders
  9 fauns
  3 ironheart convokers
  3 mana vipers
  15 orb spiders
  6 oklob plants
  3 orc sorcerers (Orc)
  18 moths of wrath
  2 frost giant zombies (Crypt:2)
  6 manticores
  7 salamanders
  5 guardian serpents
  21 black mambas
  6 will-o'-wisps (Forest:1)
  2 molten gargoyles (Volcano)
  8 naga magi
  7 vault sentinels
  13 elephants
  An elephant slug zombie (Crypt:1)
  A kobold demonologist (D:11)
  9 demonic crawlers
  3 water nymphs (Forest:3)
  A gargoyle (Volcano)
  A torpor snail (Spider:2)
  16 rime drakes
  A dire elephant skeleton (Crypt:1)
  2 rime drakes (shapeshifter)
  17 cane toads
  An efreet (Volcano)
  33 jumping spiders
  6 flying skulls (Crypt:1)
  A hellion (Depths:2)
  2 dryads
  10 komodo dragons
  4 freezing wraiths
  A hellwing (Depths:2)
  A guardian mummy (Crypt:2)
  3 trolls
  2 ice devils (Depths:1)
  11 yaktaurs
  A queen bee (Spider:2)
  4 polar bears
  A wind drake (Lair:6)
  8 blink frogs
  26 hornets
  3 harpy skeletons
  2 slime creatures
  7 hippogriffs
  3 bog bodies (Crypt:1)
  An ice dragon zombie (Crypt:1)
  2 ettin zombies (Crypt:2)
  A hippogriff (shapeshifter) (D:11)
  2 meliai zombies
  Grum (Lair:3)
  An ettin skeleton (Crypt:2)
  A goliath frog skeleton (Crypt:2)
  13 spriggans
  19 tarantellas
  2 wyverns
  10 wraiths
  3 shadows
  21 yaks
  5 hogs (D:11)
  15 water elementals
  2 fire bats (Volcano)
  3 fire elementals
  3 hungry ghosts
  2 basilisks
  19 humans (D:12)
  52 redbacks
  8 steam dragons (Lair:6)
  Menkaure (D:7)
  A monstrous demonspawn zombie (Crypt:2)
  21 nagas
  9 crocodiles
  9 water moccasins
  11 porcupines
  Duvessa (D:4)
  3 hell hounds
  13 soldier ants
  28 orc warriors
  A swamp drake (D:11)
  2 hornet zombies
  2 ice beasts
  2 sky beasts
  3 boggarts
  2 black bears
  2 phantoms
  2 wolves (Lair:3)
  14 ogres
  12 bullfrogs
  Blork the orc (D:6)
  An octopode zombie (Crypt:1)
  5 kobold brigands
  A gnoll sergeant (D:9)
  Dowan (D:4)
  A draconian skeleton (Crypt:2)
  A cyclops zombie (Crypt:1)
  3 earth elementals (Volcano)
  9 centaurs
  A water moccasin zombie (D:3)
  6 scorpions
  11 killer bees
  A polar bear zombie (Crypt:1)
  A statue (D:9)
  5 wights (D:7)
  An electric eel (Lair:5)
  6 howler monkeys
  26 orc priests
  7 crimson imps
  13 hounds
  3 lava snakes (Volcano)
  2 bullfrog zombies
  12 jellies
  4 bullfrog skeletons
  A gnoll shaman (D:6)
  A human zombie (Crypt:2)
  4 iron imps (Depths:2)
  5 iguanas
  26 orc wizards
  Ijyb (D:4)
  24 worker ants
  2 yak simulacra (Lair:2)
  4 hell rats (Lair:5)
  5 wolf simulacra (Lair:2)
  A polar bear simulacrum (Lair:2)
  A felid zombie (Crypt:1)
  2 hound zombies
  A hound skeleton (D:5)
  8 mummies (Crypt:2)
  8 gnolls
  A swamp drake zombie (Crypt:2)
  9 adders
  A howler monkey skeleton (D:7)
  4 shadow imps
  2 white imps (Depths:2)
  An ufetubus (Depths:2)
  14 oozes
  An iguana zombie (Crypt:2)
  4 adder skeletons
  An adder zombie (D:9)
  8 worms
  A dart slug (D:1)
  4 leopard geckos
  78 orcs
  4 bats
  A giant cockroach (D:1)
  5 goblins
  13 hobgoblins
  7 jackals
  6 quokkas
  2 frilled lizards
  23 kobolds
  A kobold skeleton (Crypt:1)
  A quokka skeleton (D:5)
  4 rats
  3 river rat simulacra (Lair:2)
  A fulminant prism (Spider:2)
  7 plants
1610 creatures vanquished.

Vanquished Creatures (collateral kills)
  A juggernaut (Depths:4)
  An ancient lich (Zot:5)
  A golden dragon (Zot:5)
  2 Killer Klowns
  2 curse toes
  A rockslime (Zot:2)
  A titan (Depths:5)
  2 Orb Guardians (Zot:5)
  2 wendigos
  A death cob (Zot:1)
  2 storm dragons
  3 draconian monks
  2 tengu reavers
  A ghoul (Crypt:2)
  3 nagarajas (Snake:3)
  3 shadow dragons
  4 fire giants
  A frost giant (Depths:1)
  An orc warlord (Vaults:2)
  A vault warden (Vaults:2)
  A draconian shifter (Zot:2)
  A draconian stormcaller (Zot:5)
  2 stone giants (Depths:3)
  5 draconian scorchers
  2 spriggan defenders
  2 draconian annihilators
  An ironheart preserver (Vaults:2)
  8 very ugly things
  2 jiangshi
  5 vampire knights
  3 green draconians
  4 red draconians
  3 purple draconians
  5 black draconians
  3 yellow draconians
  A dire elephant (Vaults:2)
  7 white draconians
  A blizzard demon (Depths:1)
  3 ettins
  5 yaktaur captains
  An ice dragon (Depths:2)
  A rakshasa (Depths:3)
  7 naga warriors
  2 great orbs of eyes
  An anaconda (Forest:3)
  A spriggan air mage (Depths:5)
  3 satyrs
  7 death yaks (Forest:1)
  A tengu warrior (Vaults:1)
  7 two-headed ogres
  2 deep troll shamans
  2 deep troll earth magi
  3 ogre magi
  3 naga sharpshooters (Snake:3)
  A spriggan berserker (Depths:5)
  3 vampire magi
  5 deep trolls
  4 skeletal warriors
  A phantasmal warrior (Crypt:2)
  A wizard (Depths:1)
  A flayed ghost (Depths:5)
  A deep elf archer (Vaults:1)
  3 iron trolls (Depths:4)
  4 naga ritualists
  A cyclops (shapeshifter) (Depths:1)
  3 mana vipers
  3 deep elf magi (Vaults:1)
  An ironheart convoker (Vaults:2)
  9 ugly things
  7 fauns
  A wolf spider (Spider:3)
  2 moths of wrath
  A fire giant zombie (Crypt:2)
  A merfolk siren (Forest:1)
  A smoke demon (D:11)
  14 naga magi
  2 black mambas
  An orange demon (D:3)
  3 jumping spiders (Spider:3)
  20 yaktaurs
  2 ice devils (Depths:1)
  A dryad (Forest:2)
  6 hornets
  A bog body (Crypt:2)
  2 tarantellas (Spider:3)
  6 spriggans
  A shadow (Crypt:1)
  2 wraiths (Crypt:2)
  8 water elementals
  2 redbacks (Spider:3)
  21 nagas
  A necrophage (Crypt:2)
  3 boggarts
  5 ogres
  A warg skeleton (Crypt:1)
  An electric eel (Spider:3)
  An orc wizard (Vaults:2)
  3 mummies (Crypt:2)
  An iguana zombie (Crypt:2)
302 creatures vanquished.

Vanquished Creatures (others)
  2 eyes of devastation
  2 Orb Guardians (Zot:5)
  A tentacled monstrosity (Zot:2)
  A quicksilver dragon (Zot:1)
  An acid blob (Slime:1)
  A frost giant (Depths:5)
  A tengu reaver (Depths:4)
  A draconian knight (Zot:3)
  A fire giant (Vaults:2)
  2 draconian stormcallers (Zot:3)
  An emperor scorpion (Spider:3)
  A draconian annihilator (Zot:3)
  A vault warden (Vaults:2)
  2 stone giants
  A draconian shifter (Zot:4)
  3 jiangshi (Crypt:1)
  A draconian scorcher (Zot:3)
  4 very ugly things (Depths:3)
  6 vampire knights
  A naga warrior (Snake:3)
  4 green draconians
  A yellow draconian (Zot:2)
  A black draconian (Zot:5)
  A red draconian (Depths:5)
  A spark wasp (Forest:3)
  4 white draconians
  An ettin (Depths:5)
  2 fire dragons
  2 shock serpents (Snake:3)
  An anaconda (Snake:3)
  A yaktaur captain (Depths:5)
  A vault guard (Vaults:2)
  An ice dragon (Depths:3)
  A rakshasa (Vaults:1)
  8 great orbs of eyes
  An ogre mage (Depths:1)
  A spriggan air mage (Depths:4)
  An ancient automaton (Slime:1)
  4 two-headed ogres
  2 deep troll shamans
  2 satyrs (Forest:1)
  A deep troll earth mage (Depths:4)
  A death yak (Forest:1)
  A naga sharpshooter (Snake:3)
  A vampire mage (Crypt:2)
  A sixfirhy (D:3)
  3 deep trolls
  7 skeletal warriors (Crypt:2)
  A naga ritualist (Snake:3)
  4 phantasmal warriors (Crypt:2)
  An ironheart convoker (Vaults:2)
  An orb spider (Spider:3)
  A wolf spider (Forest:3)
  2 ugly things
  3 fauns
  A manticore (shapeshifter) (Depths:4)
  A salamander (Snake:2)
  7 moths of wrath
  4 vault sentinels
  A black mamba (Snake:3)
  A hornet (Spider:3)
  4 naga magi (Snake:3)
  A freezing wraith (Vaults:1)
  A cane toad (shapeshifter) (Depths:1)
  A rime drake (shapeshifter) (Depths:1)
  2 ice devils (Depths:1)
  13 yaktaurs
  A hellwing (D:11)
  2 floating eyes
  7 slime creatures
  3 wraiths
  A boggart (Depths:3)
  A warg (Vaults:2)
  A floating eye (shapeshifter) (Depths:4)
  4 orc warriors (Vaults:2)
  An ogre (Depths:1)
  A killer bee (Spider:2)
  2 electric eels (Spider:1)
  An orc priest (Vaults:2)
  4 lava snakes (Volcano)
  A mummy (Crypt:2)
  6 orcs (Vaults:2)
  2 briar patches (Forest:3)
  55 fulminant prisms
  71 fungi
  235 plants
539 creatures vanquished.

Grand Total: 2451 creatures vanquished

Notes
Turn   | Place    | Note
-------+----------+-------------------------------------------
     0 | D:1      | Grijm the Draconian Gladiator began the quest for the Orb.
     0 | D:1      | Reached XP level 1. HP: 19/19 MP: 1/1
    61 | D:1      | Reached skill level 1 in Stealth
    71 | D:1      | Reached XP level 2. HP: 25/27 MP: 2/2
   474 | D:1      | Reached XP level 3. HP: 33/33 MP: 3/3
   972 | D:2      | Reached XP level 4. HP: 17/40 MP: 4/4
  1364 | D:2      | Found a white marble altar of Elyvilon.
  2144 | D:3      | Reached XP level 5. HP: 46/46 MP: 5/5
  2230 | D:3      | Got a smoking ivory ring
  2231 | D:3      | Identified the ring of Doors {Fire Dex+3} (You found it on
                  | level 3 of the Dungeon)
  2244 | D:3      | Found a glowing silver altar of Zin.
  2877 | D:3      | Found a shimmering blue altar of Sif Muna.
  2886 | D:3      | Reached XP level 6. HP: 37/52 MP: 6/6
  2966 | D:3      | Reached skill level 1 in Evocations
  3121 | D:4      | Noticed Ijyb
  3174 | D:4      | Killed Ijyb
  3175 | D:4      | Reached skill level 5 in Short Blades
  3434 | D:4      | Noticed Dowan
  3436 | D:4      | Noticed Duvessa
  3500 | D:4      | Found an ornate altar of the Wu Jian Council.
  3609 | D:4      | Your scales start taking on a rich purple colour.
  3609 | D:4      | Reached XP level 7. HP: 60/60 MP: 8/8
  3741 | D:4      | Found a basalt altar of Yredelemnul.
  3898 | D:4      | Killed Duvessa
  3899 | D:4      | Reached skill level 5 in Fighting
  3939 | D:4      | Killed Dowan
  4054 | D:5      | Entered Level 5 of the Dungeon
  4292 | D:5      | Found a runed translucent door.
  4299 | D:5      | Noticed yrara's ghost (novice DsFi)
  4397 | D:5      | Reached XP level 8. HP: 57/70 MP: 11/11
  4510 | D:5      | Found a runed translucent door.
  5042 | D:6      | Noticed a hippogriff
  5075 | D:6      | Killed a hippogriff
  5289 | D:6      | Noticed Blork the orc
  5317 | D:6      | Killed Blork the orc
  5442 | D:6      | Reached XP level 9. HP: 72/75 MP: 12/12
  5583 | D:6      | Found a staircase to the Ecumenical Temple.
  5615 | Temple   | Entered the Ecumenical Temple
  5785 | D:6      | Found a radiant altar of Vehumet.
  5909 | D:6      | Reached skill level 10 in Short Blades
  6526 | D:7      | Noticed Menkaure
  6936 | D:7      | Reached skill level 10 in Fighting
  7099 | D:7      | Found a sacrificial altar of Ru.
  7267 | D:7      | Reached XP level 10. HP: 80/93 MP: 13/13
  7370 | D:7      | Found a stormy altar of Qazlal.
  7510 | D:7      | Found an opulent altar of Gozag.
  7511 | D:7      | Found a sparkling altar of Nemelex Xobeh.
  7758 | D:8      | Noticed a two-headed ogre
  7777 | D:8      | Noticed a cyclops
  7777 | D:8      | a two-headed ogre changed into a cyclops
  7787 | D:8      | Killed a cyclops
  7788 | D:8      | Reached skill level 5 in Dodging
  7982 | D:8      | Reached skill level 5 in Evocations
  8099 | D:8      | Noticed a two-headed ogre
  8119 | D:8      | Killed a two-headed ogre
  8598 | D:8      | Found a shimmering blue altar of Sif Muna.
  8838 | D:9      | Noticed an elephant
  8851 | D:9      | Reached skill level 1 in Shields
  8884 | D:9      | Killed an elephant
  8913 | D:9      | Found a staircase to the Lair.
  9217 | D:9      | Noticed Harold
  9316 | Lair:1   | Entered Level 1 of the Lair of Beasts
  9332 | Lair:1   | Noticed a cane toad
  9348 | Lair:1   | Killed a cane toad
  9368 | Lair:1   | Reached skill level 5 in Shields
  9451 | Lair:1   | Reached XP level 11. HP: 93/99 MP: 17/17
  9584 | Lair:1   | Noticed a four-headed hydra
  9760 | Lair:1   | Noticed a satyr
  9760 | Lair:1   | a four-headed hydra changed into a satyr
  9779 | Lair:1   | Killed a satyr
  9944 | Lair:1   | Learned a level 2 spell: Shackle
 10066 | Lair:1   | Reached skill level 1 in Spellcasting
 10066 | Lair:1   | Reached skill level 1 in Hexes
 10184 | Lair:1   | Learned a level 3 spell: Mephitic Cloud
 10428 | Lair:1   | Noticed Erica
 10449 | Lair:1   | Reached skill level 1 in Air Magic
 10492 | Lair:1   | Noticed Erica
 10492 | Lair:1   | Erica changed into Erica the jumping spider
 10509 | Lair:1   | Killed Erica the jumping spider
 10510 | Lair:1   | Reached skill level 1 in Conjurations
 10510 | Lair:1   | Reached skill level 2 in Hexes
 10510 | Lair:1   | Reached skill level 1 in Poison Magic
 11116 | Lair:2   | Noticed a five-headed hydra
 11357 | Lair:1   | Killed a one-headed hydra
 11489 | Lair:2   | Found a runed translucent door.
 11493 | Lair:2   | Noticed Burana's ghost (journeyman DsAc)
 11963 | Lair:2   | Noticed a necromancer
 11975 | Lair:2   | Killed a necromancer
 12787 | Lair:3   | Reached skill level 3 in Hexes
 13154 | Lair:3   | Noticed Grum
 13176 | Lair:3   | Killed Grum
 13218 | Lair:3   | Noticed a queen ant
 13302 | Lair:3   | Reached XP level 12. HP: 106/106 MP: 18/18
 13335 | Lair:3   | Reached skill level 4 in Hexes
 13409 | Lair:3   | Noticed a seven-headed hydra
 13415 | Lair:3   | Killed a seven-headed hydra
 13451 | Lair:3   | Killed a queen ant
 13452 | Lair:3   | Reached skill level 5 in Stealth
 13850 | Lair:3   | Learned a level 4 spell: Lightning Bolt
 14425 | Lair:3   | Found a hole to the Spider Nest.
 14731 | Lair:4   | Reached skill level 5 in Spellcasting
 14731 | Lair:4   | Reached skill level 5 in Hexes
 14898 | Lair:4   | Reached skill level 5 in Air Magic
 14940 | Lair:4   | Noticed a four-headed hydra
 15078 | Lair:4   | Found a staircase to the Snake Pit.
 15078 | Lair:4   | Noticed a sphinx
 15107 | Lair:4   | Killed a four-headed hydra
 15517 | Lair:4   | Reached skill level 5 in Conjurations
 15784 | Lair:4   | Noticed a dire elephant
 16179 | Lair:3   | Killed a dire elephant
 16576 | Lair:4   | Learned a level 3 spell: Confuse
 16636 | Lair:3   | Reached XP level 13. HP: 66/113 MP: 0/22
 17801 | Lair:4   | Reached skill level 6 in Hexes
 17894 | Lair:5   | Found a dark tunnel.
 17903 | Volcano  | Entered a volcano
 18580 | Volcano  | Found a radiant altar of Vehumet.
 18693 | Volcano  | Noticed a stone giant
 18704 | Volcano  | Killed a stone giant
 19025 | Volcano  | Reached skill level 7 in Hexes
 19287 | Lair:5   | Got a faintly humming buckler
 19289 | Lair:5   | Identified the +1 buckler of the Accordion {rN+ rCorr Str+4
                  | Int+3} (You found it on level 5 of the Lair of Beasts)
 19836 | Lair:5   | Found an ancient bone altar of Kikubaaqudgha.
 20101 | Lair:6   | Entered Level 6 of the Lair of Beasts
 20500 | Lair:6   | Reached skill level 8 in Hexes
 21212 | Lair:6   | Learned a level 4 spell: Cause Fear
 21411 | Lair:6   | Learned a level 4 spell: Fulminant Prism
 21598 | Lair:6   | Found a staircase to the Spriggan Forest.
 21688 | Lair:6   | Reached skill level 9 in Hexes
 21852 | Lair:6   | Got a twisted hand axe
 21875 | Lair:6   | Got a shimmering long sword
 21920 | Lair:6   | Reached XP level 14. HP: 121/121 MP: 20/27
 22184 | Lair:6   | Reached skill level 10 in Spellcasting
 22830 | Lair:5   | Reached skill level 10 in Hexes
 22986 | Lair:4   | Killed a sphinx
 23773 | D:9      | Killed Harold
 24051 | D:7      | Killed Menkaure
 24104 | D:10     | Entered Level 10 of the Dungeon
 24374 | D:10     | Got a jewelled quarterstaff
 24524 | D:10     | Reached skill level 11 in Hexes
 25441 | D:11     | Found a staircase to the Orcish Mines.
 25710 | D:11     | Found the +1 cloak of Starlight {rElec rC+ EV+4 Stlth--}
 25775 | D:11     | Found Ropew's General Store.
 25783 | D:11     | Bought a scroll of identify for 20 gold pieces
 25783 | D:11     | Bought a scroll of fear for 50 gold pieces
 26173 | D:11     | Reached skill level 12 in Hexes
 26438 | D:11     | Noticed Kirke
 26459 | D:11     | Killed Kirke
 26647 | Orc      | Entered the Orcish Mines
 26830 | Orc      | Noticed Gastronok
 26847 | Orc      | Killed Gastronok
 27072 | Orc      | Reached XP level 15. HP: 126/126 MP: 25/29
 27210 | Orc      | Reached skill level 10 in Stealth
 27645 | Orc      | Reached skill level 13 in Hexes
 27792 | Orc      | Noticed an orc warlord
 27814 | Orc      | Killed an orc warlord
 28940 | Orc      | Found Analeang's Antique Armour Shop.
 28941 | Orc      | Found Fabbetih's Antique Weapon Boutique.
 28943 | Orc      | Found Roamud's General Store.
 28943 | Orc      | Found Ranisopni's Book Shop.
 29340 | Orc      | Found a viscous altar of Jiyva.
 29340 | Orc      | Found a staircase to the Slime Pits.
 29644 | Orc      | Learned a level 7 spell: Discord
 29652 | Orc      | Learned a level 7 spell: Mana Rupture
 29681 | D:12     | Entered Level 12 of the Dungeon
 29686 | D:12     | Found a blossoming altar of Fedhas.
 30040 | D:12     | Reached skill level 14 in Hexes
 30200 | D:12     | Noticed Urug
 30231 | D:12     | Killed Urug
 30755 | D:12     | Found a staircase to the Depths.
 31031 | D:12     | Learned a level 4 spell: Yara's Violent Unravelling
 31391 | D:12     | Found a gate to the Vaults.
 31642 | Spider:1 | Entered Level 1 of the Spider Nest
 32111 | Spider:1 | Reached skill level 15 in Hexes
 32817 | Spider:1 | Noticed a ghost moth
 32832 | Spider:1 | Killed a ghost moth
 33596 | Spider:2 | Noticed Arachne
 33957 | Spider:2 | Noticed Azrael
 33968 | Spider:2 | Killed Azrael
 34055 | Spider:2 | Reached skill level 16 in Hexes
 34055 | Spider:2 | Reached XP level 16. HP: 126/134 MP: 19/30
 34677 | Spider:2 | Killed Arachne
 35264 | Spider:2 | Reached skill level 17 in Hexes
 36224 | Spider:3 | Entered Level 3 of the Spider Nest
 37330 | Spider:3 | Reached skill level 18 in Hexes
 39007 | Spider:3 | Reached skill level 19 in Hexes
 39487 | Spider:3 | Reached XP level 17. HP: 140/140 MP: 12/31
 39499 | Spider:3 | Identified the +4 quarterstaff of Sivvotiuc {crush, Fragile
                  | +Inv rPois rC+++} (You found it on level 10 of the Dungeon)
 39499 | Spider:3 | Identified the cursed +0 hand axe of the Lurker {chop,
                  | Int+5} (You found it on level 6 of the Lair of Beasts)
 39499 | Spider:3 | Identified the +5 long sword of the Nexus {venom, rPois
                  | Str+2 SInv Stlth+} (You found it on level 6 of the Lair of
                  | Beasts)
 39499 | Spider:3 | Got a gossamer rune of Zot
 40255 | Orc      | Became a worshipper of Jiyva Jadam the Shapeless
 40534 | Snake:1  | Entered Level 1 of the Snake Pit
 40746 | Snake:1  | Noticed Josephine
 40784 | Snake:1  | Killed Josephine
 41199 | Snake:1  | Noticed Aizul
 41222 | Snake:1  | Killed Aizul
 42652 | Snake:2  | Reached ** piety under Jiyva
 42652 | Snake:2  | Gained mutation: Your magical capacity is low. (-10% MP)
                  | [Jiyva's grace]
 43114 | Snake:2  | Found Asiskoh's Food Emporium.
 43120 | Snake:2  | Found an ancient bone altar of Kikubaaqudgha.
 43321 | Snake:2  | Reached skill level 20 in Hexes
 43996 | Snake:2  | Gained mutation: Your natural rate of healing is unusually
                  | fast. [Jiyva's grace]
 44015 | Snake:2  | Found a runed translucent gate.
 44015 | Snake:2  | Found a runed translucent gate.
 44015 | Snake:2  | Found a runed translucent gate.
 44015 | Snake:2  | Noticed Akuuror's ghost (adept GrFi)
 44190 | Snake:2  | Reached *** piety under Jiyva
 44471 | Snake:2  | Reached skill level 10 in Conjurations
 45162 | Snake:3  | Entered Level 3 of the Snake Pit
 45364 | Snake:3  | Lost mutation: Your natural rate of healing is unusually
                  | fast. [Jiyva's grace]
 45884 | Snake:3  | Reached **** piety under Jiyva
 45898 | Snake:3  | Gained mutation: You have a small jelly attached to you
                  | that senses nearby items. [Jiyva's grace]
 45956 | Snake:3  | Reached XP level 18. HP: 147/147 MP: 23/31
 46175 | Snake:3  | Gained mutation: You are resistant to electric shocks.
                  | (rElec) [Jiyva's grace]
 46395 | Snake:3  | Reached ***** piety under Jiyva
 46960 | Snake:3  | Got a serpentine rune of Zot
 47517 | Vaults:1 | Entered Level 1 of the Vaults
 48099 | Vaults:1 | Found Cunoet's Armour Shop.
 48232 | Vaults:1 | Lost mutation: Your magical capacity is low. (-10% MP)
                  | [Jiyva's grace]
 49332 | Vaults:1 | Found a staircase to the Crypt.
 49706 | Vaults:2 | Noticed Zenata
 49731 | Vaults:2 | Gained mutation: You have a pair of small horns on your
                  | head. [Jiyva's grace]
 49739 | Vaults:2 | Reached skill level 15 in Spellcasting
 50218 | Vaults:2 | Reached XP level 19. HP: 153/154 MP: 17/38
 50316 | Vaults:2 | Lost mutation: You have a small jelly attached to you that
                  | senses nearby items. [Jiyva's grace]
 50766 | Vaults:2 | Reached skill level 15 in Conjurations
 50781 | Vaults:2 | Reached skill level 1 in Invocations
 50785 | Vaults:2 | Reached ****** piety under Jiyva
 51103 | Vaults:2 | Gained mutation: You are covered in slimy tendrils that may
                  | disarm your opponents. [Jiyva's grace]
 51390 | Vaults:2 | Noticed Mennas
 51412 | Vaults:2 | Killed Mennas
 51889 | Vaults:2 | Killed Zenata
 52079 | Vaults:2 | Identified the amulet of Hihag {Regen rC+ Str+2 Slay+3}
                  | (You took it off an ogre mage on level 2 of the Vaults)
 52531 | Slime:1  | Entered Level 1 of the Pits of Slime
 52664 | Slime:5  | Entered Level 5 of the Pits of Slime
 52777 | Slime:5  | Found a viscous altar of Jiyva.
 52781 | Slime:5  | Noticed the Royal Jelly
 52784 | Slime:5  | Identified the +6 great mace "Waowe" {antimagic, SInv}
 52796 | Slime:5  | Got a slimy rune of Zot
 52808 | Slime:5  | Identified the ring of Dithmenos's Regard {+Fly rN+}
 53373 | Forest:1 | Entered Level 1 of the Spriggan Forest
 53505 | Forest:1 | Lost mutation: You are resistant to electric shocks.
                  | (rElec) [Jiyva's grace]
 54294 | Forest:1 | Found an ancient bone altar of Kikubaaqudgha.
 54677 | Forest:1 | Learned a level 5 spell: Irradiate
 54724 | Forest:1 | Gained mutation: You are resistant to hostile enchantments.
                  | (MR+) [Jiyva's grace]
 55481 | Forest:2 | Reached skill level 10 in Invocations
 55803 | Forest:2 | Reached XP level 20. HP: 149/165 MP: 35/39
 56464 | Forest:2 | Gained mutation: Your flesh is cold resistant. (rC+)
                  | [Jiyva's grace]
 57193 | Forest:3 | Entered Level 3 of the Spriggan Forest
 57207 | Forest:3 | Noticed a caustic shrike
 57219 | Forest:3 | Killed a caustic shrike
 57316 | Forest:3 | Noticed a caustic shrike
 57519 | Forest:3 | Killed a caustic shrike
 57520 | Forest:3 | Reached skill level 21 in Hexes
 57846 | Forest:3 | Gained mutation: Your magical capacity is low. (-10% MP)
                  | [Jiyva's grace]
 58073 | Forest:3 | Identified the +5 mace of Cowardice {crush, *Rage +Rage
                  | Dex+9}
 58115 | Forest:3 | Identified the +3 faerie dragon scales {rCorr Str+3}
 58115 | Forest:3 | Noticed the Enchantress
 58122 | Forest:3 | Identified the cursed +2 mace of Insomnia {flame, rC+}
 58124 | Forest:3 | Killed the Enchantress
 58461 | Forest:3 | Reached skill level 22 in Hexes
 59871 | Forest:3 | Identified the Grimoire of Poisoning and Self-Improvement
 59873 | Forest:3 | Identified the Collected Works on Translocation
 60469 | Crypt:1  | Entered Level 1 of the Crypt
 60803 | Crypt:1  | Lost mutation: Your magical capacity is low. (-10% MP)
                  | [Jiyva's grace]
 60928 | Crypt:1  | Reached XP level 21. HP: 145/176 MP: 11/40
 61471 | Crypt:1  | Reached skill level 23 in Hexes
 62034 | Crypt:1  | Found the +10 Vampire's Tooth {vamp}
 62136 | Crypt:2  | Entered Level 2 of the Crypt
 62216 | Crypt:2  | Noticed Jory
 62238 | Crypt:2  | Killed Jory
 62244 | Crypt:2  | Gained mutation: You have a pair of horns on your head.
                  | [Jiyva's grace]
 62878 | Crypt:2  | Lost mutation: You have a pair of horns on your head.
                  | [Jiyva's grace]
 63356 | Crypt:2  | Found a staircase to the Tomb.
 63627 | Crypt:2  | Reached skill level 15 in Fighting
 63940 | Crypt:2  | Gained mutation: Your flesh is heat resistant. (rF+)
                  | [Jiyva's grace]
 63941 | Crypt:2  | Reached skill level 24 in Hexes
 63959 | Crypt:2  | Identified the +1 leather armour of the Frog {rN+ Dex+6}
 64253 | Crypt:2  | Found an ancient bone altar of Kikubaaqudgha.
 64510 | Crypt:2  | Reached XP level 22. HP: 192/192 MP: 6/41
 64666 | Crypt:2  | Reached skill level 10 in Evocations
 65216 | Depths:1 | Entered Level 1 of the Depths
 65220 | Depths:1 | Noticed Sojobo
 65244 | D:12     | Killed Sojobo
 65415 | Depths:1 | Gained mutation: You expend magic power (3 MP) to
                  | strengthen your wands. [Jiyva's grace]
 65573 | Depths:1 | Found a gateway to Hell.
 66054 | Depths:1 | Noticed Nikola
 66077 | Depths:1 | Slimified Nikola
 66077 | Depths:1 | Noticed Nikola
 66077 | Depths:1 | Nikola changed into Nikola the slime creature
 66127 | Depths:1 | Found a one-way gate to the infinite horrors of the Abyss.
 66243 | Depths:1 | Found a runed gate.
 66243 | Depths:1 | Found a runed gate.
 66243 | Depths:1 | Found a runed gate.
 66243 | Depths:1 | Found a runed gate.
 66243 | Depths:1 | Found a runed gate.
 66243 | Depths:1 | Found a runed gate.
 66244 | Depths:1 | Found the +2 Maxwell's thermic engine {flame, freeze}
 66389 | Depths:1 | Your ally Nikola died
 66434 | Depths:1 | Lost mutation: You are covered in slimy tendrils that may
                  | disarm your opponents. [Jiyva's grace]
 66838 | Depths:2 | Noticed Bai Suzhen
 66870 | Depths:2 | Killed Bai Suzhen
 67046 | Depths:2 | Found a gateway to a ziggurat.
 67189 | Depths:2 | Found a one-way gate leading to the halls of Pandemonium.
 67425 | Depths:2 | Reached skill level 15 in Evocations
 67730 | Depths:2 | Gained mutation: You have a small jelly attached to you
                  | that senses nearby items. [Jiyva's grace]
 68282 | Depths:3 | Found Erewecve's Weapon Boutique.
 68471 | Depths:3 | Identified the cursed +1 fustibalus of Zajug {freeze, MR+
                  | Str+8 SInv}
 68593 | Depths:3 | Noticed a Killer Klown
 68654 | Depths:3 | Killed a Killer Klown
 68655 | Depths:3 | Reached XP level 23. HP: 94/199 MP: 26/42
 68972 | Depths:3 | Lost mutation: You have a small jelly attached to you that
                  | senses nearby items. [Jiyva's grace]
 69229 | Depths:3 | Identified a scroll of acquirement
 69231 | Depths:3 | Identified the +7 dagger "Xalol" {antimagic, rF+ rN+ Dex+4}
                  | (You acquired it on level 3 of the Depths)
 69231 | Depths:3 | Identified the ring "Vuky Myl" {+Fly rElec MR+ Str+2} (You
                  | acquired it on level 3 of the Depths)
 69618 | Depths:3 | Found a portal to a secret trove of treasure.
 69680 | Depths:3 | Found a runed door.
 69691 | Depths:3 | Noticed a juggernaut
 69691 | Depths:3 | Noticed a juggernaut
 69693 | Depths:3 | Noticed a Killer Klown
 69943 | Depths:4 | Reached skill level 25 in Hexes
 70365 | Depths:4 | Lost mutation: Your flesh is heat resistant. (rF+) [Jiyva's
                  | grace]
 70371 | Depths:4 | Noticed a caustic shrike
 70386 | Depths:4 | Killed a caustic shrike
 70492 | Depths:4 | Noticed a Killer Klown
 70510 | Depths:4 | Killed a Killer Klown
 70704 | Depths:4 | Noticed an ancient lich
 70723 | Depths:4 | Killed an ancient lich
 70756 | Depths:4 | Found a corrupted altar of Lugonu.
 70773 | Depths:4 | Noticed a golden dragon
 70782 | Depths:4 | Killed a golden dragon
 70840 | Depths:4 | Noticed a golden dragon
 70863 | Depths:4 | Killed a golden dragon
 70931 | Depths:4 | Identified the +3 rapier of Defilement {pierce, rElec MP+9
                  | Str+4} (You acquired it on level 4 of the Depths)
 70931 | Depths:4 | Identified the +0 pair of gloves "Etaoch" {rElec rF- MR-
                  | SInv} (You acquired it on level 4 of the Depths)
 70931 | Depths:4 | Identified the amulet "Sohye" {Gourm Str+4} (You acquired
                  | it on level 4 of the Depths)
 70941 | Depths:4 | Identified the Disquisition on the Cankerous Mountains
 70947 | Depths:4 | Learned a level 3 spell: False Image
 71211 | Depths:4 | Found a burning altar of Makhleb.
 71494 | Depths:5 | Entered Level 5 of the Depths
 71653 | Depths:4 | Reached XP level 24. HP: 165/206 MP: 3/46
 71855 | Depths:4 | Noticed a juggernaut
 71874 | Depths:4 | Killed a juggernaut
 72442 | Depths:5 | Noticed a golden dragon
 72474 | Depths:5 | Gained mutation: You have a small jelly attached to you
                  | that senses nearby items. [Jiyva's grace]
 72494 | Depths:5 | Killed a golden dragon
 72571 | Depths:5 | Found a gate to the Realm of Zot.
 73284 | Depths:5 | Identified the +6 great mace of Optimality {crush, rF-
                  | rN+++ Str-2 SInv}
 73336 | Depths:5 | Gained mutation: You have supernaturally acute eyesight.
                  | (SInv) [Jiyva's grace]
 73474 | Zot:1    | Entered Level 1 of the Realm of Zot
 74626 | Zot:2    | Gained mutation: You are covered in slimy tendrils that may
                  | disarm your opponents. [Jiyva's grace]
 74726 | Zot:2    | Noticed an orb of fire
 74726 | Zot:2    | Gained mutation: Your body sometimes deteriorates upon
                  | taking damage. [an orb of fire]
 74738 | Zot:2    | Gained mutation: You are dopey. (Int -2) [an orb of fire]
 74741 | Zot:2    | Gained mutation: You are very dopey. (Int -4) [an orb of
                  | fire]
 74742 | Zot:2    | Killed an orb of fire
 74861 | Zot:2    | Identified the cursed +1 hunting sling of Qisaeczi {elec,
                  | Dex+4}
 74904 | Zot:2    | Noticed an orb of fire
 74979 | Zot:2    | Killed an orb of fire
 74980 | Zot:2    | Reached XP level 25. HP: 141/213 MP: 25/47
 75899 | Zot:3    | Noticed a Killer Klown
 75919 | Zot:3    | Killed a Killer Klown
 76642 | Zot:3    | Gained mutation: You are resistant to electric shocks.
                  | (rElec) [Jiyva's grace]
 76850 | Zot:4    | Identified the cursed +2 spear "Foijarux" {venom, *Corrode
                  | rF+++ rN++ Int-2}
 76976 | Zot:4    | Noticed a golden dragon
 77645 | Zot:4    | Reached skill level 26 in Hexes
 77689 | Zot:4    | Lost mutation: Your body sometimes deteriorates upon taking
                  | damage. [Jiyva's power]
 77691 | Zot:4    | Lost mutation: You are very dopey. (Int -4) [Jiyva's power]
 77900 | Zot:5    | Entered Level 5 of the Realm of Zot
 78448 | Zot:5    | Noticed an orb of fire
 78460 | Zot:5    | Killed an orb of fire
 78509 | Zot:5    | Killed a golden dragon
 78526 | Zot:5    | Lost mutation: You are dopey. (Int -2) [Jiyva's grace]
 78759 | Zot:5    | Reached skill level 27 in Hexes
 78847 | Zot:5    | Reached XP level 26. HP: 221/221 MP: 34/47
 79052 | Zot:5    | Noticed an orb of fire
 79078 | Zot:5    | Gained mutation: Your magical capacity is low. (-10% MP)
                  | [an orb of fire]
 79080 | Zot:5    | Killed an orb of fire
 79104 | Zot:5    | Lost mutation: Your magical capacity is low. (-10% MP)
                  | [Jiyva's power]
 79122 | Zot:5    | Noticed an orb of fire
 79146 | Zot:5    | Killed an orb of fire
 79219 | Zot:5    | Reached skill level 10 in Dodging
 79235 | Zot:5    | Noticed an ancient lich
 79297 | Zot:5    | Killed an ancient lich
 79370 | Zot:5    | Noticed an orb of fire
 79376 | Zot:5    | Gained mutation: Your body sometimes deteriorates upon
                  | taking damage. [an orb of fire]
 79377 | Zot:5    | Killed an orb of fire
 79863 | Zot:5    | Noticed a golden dragon
 79880 | Zot:5    | Killed a golden dragon
 80072 | Zot:5    | Noticed a Killer Klown
 80084 | Zot:5    | Killed a Killer Klown
 80372 | Zot:5    | Noticed an ancient lich
 80379 | Zot:5    | Killed an ancient lich
 80500 | Zot:5    | Lost mutation: You have supernaturally acute eyesight.
                  | (SInv) [Jiyva's grace]
 80500 | Zot:5    | Gained mutation: Scrolls take you a little longer to read.
                  | [Jiyva's grace]
 80575 | Zot:5    | Lost mutation: Scrolls take you a little longer to read.
                  | [Jiyva's power]
 80580 | Zot:5    | Noticed an orb of fire
 80585 | Zot:5    | Gained mutation: You evolve. [an orb of fire]
 80593 | Zot:5    | Killed an orb of fire
 80651 | Zot:5    | Noticed an ancient lich
 80668 | Zot:5    | Killed an ancient lich
 80854 | Zot:5    | Noticed an orb of fire
 80859 | Zot:5    | Killed an orb of fire
 81025 | Zot:5    | Noticed a Killer Klown
 81040 | Zot:5    | Noticed an orb of fire
 81144 | Zot:5    | Killed an orb of fire
 81181 | Zot:5    | Killed a Killer Klown
 81295 | Zot:5    | Reached XP level 27. HP: 227/227 MP: 26/47
 81442 | Zot:5    | Identified the +2 hat of Failure {MR+} (You acquired it on
                  | level 5 of the Realm of Zot)
 81442 | Zot:5    | Identified the amulet "Jaequatiupt" {Spirit rPois rF- MP+9}
                  | (You acquired it on level 5 of the Realm of Zot)
 81659 | Zot:5    | Got the Orb of Zot
 82171 | D:$      | Escaped with the Orb!

Skill      XL: |  1  2  3  4  5  6  7  8  9 10 11 12 13 14 15 16 17 18 19 20 21 22 23 24 25 26 |
---------------+-------------------------------------------------------------------------------+-----
Stealth        | 1 3 5 6 9 10 | 10.0
Fighting       | 4 5 6 10 11 12 15 | 15.0
Short Blades   | 4 5 6 9 10 | 10.0
Dodging        | 3 4 6 7 8 10 | 10.0
Evocations     | 2 4 8 9 15 20 | 20.4
Shields        | 5 6 8 |  8.0
Spellcasting   | 4 6 9 10 12 15 19 20 | 20.0
Hexes          | 3 5 9 12 16 19 20 22 24 25 27 | 27.0
Air Magic      | 3 6 |  6.0
Conjurations   | 3 6 8 11 14 15 19 20 | 20.0
Poison Magic   | 3 4 |  4.0
Invocations    | 10 | 10.0
Throwing       | |  1.7

Action                   |  1- 3 |  4- 6 |  7- 9 | 10-12 | 13-15 | 16-18 | 19-21 | 22-24 | 25-27 || total
-------------------------+-------+-------+-------+-------+-------+-------+-------+-------+-------++-------
Melee: Rapier            |    57 |    70 |       |       |       |       |       |       |       ||   127
       Dagger            |    64 |    69 |   413 |   856 |  1253 |   910 |   822 |       |       ||  4387
       Tailslap          |     5 |    21 |    54 |   155 |   273 |   167 |   309 |   229 |   113 ||  1326
       Unarmed           |       |     2 |       |       |       |       |       |       |       ||     2
       Short sword       |       |       |     6 |    17 |       |       |       |       |       ||    23
       Scimitar          |       |       |       |     9 |     5 |       |       |       |       ||    14
       Headbutt          |       |       |       |       |       |     7 |   385 |   298 |   143 ||   833
       Quick blade       |       |       |       |       |       |       |   443 |   971 |   472 ||  1886
 Fire: Hunting sling     |       |   100 |    65 |    52 |       |       |       |       |       ||   217
       Blowgun           |       |       |       |    17 |       |       |       |       |       ||    17
Throw: Stone             |       |    17 |     5 |    81 |    24 |       |       |       |       ||   127
       Throwing net      |       |     5 |       |       |       |       |       |       |       ||     5
       Tomahawk          |       |       |       |       |   161 |   292 |    24 |    43 |    80 ||   600
 Cast: Mephitic Cloud    |       |       |       |    64 |    80 |     4 |     5 |     3 |       ||   156
       Shackle           |       |       |       |    38 |   224 |   160 |    46 |    30 |    32 ||   530
       Confuse           |       |       |       |     4 |   263 |   349 |   260 |   189 |   111 ||  1176
       Lightning Bolt    |       |       |       |     3 |       |       |       |       |       ||     3
       Fulminant Prism   |       |       |       |       |    21 |    35 |       |       |       ||    56
       Cause Fear        |       |       |       |       |     1 |       |     2 |       |       ||     3
       Discord           |       |       |       |       |       |    72 |    76 |   102 |    36 ||   286
       Yara's Violent Un |       |       |       |       |       |    20 |    19 |    27 |     7 ||    73
       Mana Rupture      |       |       |       |       |       |     6 |    89 |    86 |    97 ||   278
       Irradiate         |       |       |       |       |       |       |     7 |     1 |     1 ||     9
       False Image       |       |       |       |       |       |       |       |     6 |    15 ||    21
Invok: Evolve            |       |       |       |       |       |     4 |       |       |       ||     4
       Slimify           |       |       |       |       |       |       |       |     1 |       ||     1
       Cure Bad Mutation |       |       |       |       |       |       |       |       |     5 ||     5
 Abil: Breathe Dispellin |       |       |     1 |       |     4 |    11 |     9 |     2 |       ||    27
Evoke: Wand              |       |     3 |     1 |    16 |     7 |     7 |       |     8 |     8 ||    50
       Fan of gales      |       |       |       |       |       |       |     2 |     4 |     1 ||     7
  Use: Scroll            |       |     6 |     3 |    17 |    14 |     7 |     2 |     6 |     5 ||    60
       Potion            |       |     2 |       |     2 |     4 |     1 |     3 |       |     8 ||    20
 Stab: Distracted        |     1 |       |       |       |     2 |       |     1 |     2 |     1 ||     7
       Sleeping          |       |     1 |     5 |     3 |    19 |     3 |     3 |     2 |       ||    36
       Held in net/web   |       |     1 |       |       |       |     4 |       |       |       ||     5
       Confused          |       |       |       |    47 |   187 |   137 |   160 |   131 |    80 ||   742
       Petrified         |       |       |       |     3 |       |       |       |       |       ||     3
  Eat: Chunk             |     1 |    13 |    19 |    40 |    81 |    50 |    35 |    17 |     4 ||   260
       Ration            |       |     1 |     1 |     4 |     3 |    18 |    21 |    16 |    11 ||    75
Armor: Skin              |    30 |    27 |    63 |   122 |   180 |   190 |   159 |   147 |    74 ||   992
Dodge: Dodged            |    69 |    68 |   163 |   307 |   522 |   518 |   430 |   343 |   201 ||  2621
Block: Medium shield     |       |       |       |    61 |       |       |       |       |       ||    61
       Buckler           |       |       |       |       |   215 |   260 |   208 |   151 |    86 ||   920
